 Dungeon Crawl Stone Soup version 0.24-a0-789-g35933f4585 (webtiles) character file.

Game seed: 3613777520611741221, levelgen mode: deterministic

109 Kohma the Shield-Bearer (level 4, -1/33 HPs)
             Began as an Octopode Fighter on Oct 10, 2019.
             Slain by a gnoll
             ... wielding a +0 spear
              (6 damage)
             ... on level 2 of the Dungeon.
             The game lasted 00:04:58 (1677 turns).

Kohma the Shield-Bearer (Octopode Fighter)          Turns: 1677, Time: 00:04:59

Health: -1/33      AC:  1    Str: 15    XL:     4   Next: 90%
Magic:  4/4        EV: 11    Int: 11    God:
Gold:   29         SH:  8    Dex: 11    Spells: 3/3 levels left

rFire    . . .     SeeInvis .   a - +0 trident
rCold    . . .     Gourm    .   b - +0 shield
rNeg     . . .     Faith    .   (helmet restricted)
rPois    .         Spirit   .   (no amulet)
rElec    .         Reflect  .   (no ring)
rCorr    .         Harm     .   (no ring)
MR       .....                  (no ring)
Stlth    ++........             (no ring)
HPRegen  0.11/turn              (no ring)
MPRegen  0.09/turn              (no ring)
                                (no ring)
                                (no ring)

@: lightly drained
A: almost no armour, stealthy swim, amphibious, 8 rings, constrict 8, camouflage
1, gelatinous body 1
a: no special abilities


You were on level 2 of the Dungeon.
You were not hungry.

You visited 1 branch of the dungeon, and saw 2 of its levels.

You collected 29 gold pieces.

Inventory:

Hand Weapons
 a - a +0 trident (weapon)
 o - a +0 hunting sling
Missiles
 p - 15 stones (quivered)
Armour
 b - a +0 shield (worn)
Jewellery
 g - a cursed amulet of inaccuracy {unknown}
Wands
 n - a wand of flame (18)
Scrolls
 j - 2 scrolls of teleportation {unknown}
 l - a scroll of identify {unknown}
 m - 2 scrolls of remove curse {unknown}
Potions
 c - a potion of might
 e - a potion of lignification {unknown}
 h - 2 potions of flight {unknown}
 i - a potion of resistance {unknown}
 k - a potion of agility {unknown}
 q - a potion of magic {unknown}
Comestibles
 d - 2 rations
 f - 4 chunks of flesh


   Skills:
 + Level 3.6(3.4) Fighting
 * Level 3.7(3.5) Polearms
 - Level 3.0(2.8) Dodging
 + Level 3.7(3.5) Shields


You had 3 spell levels left.
You didn't know any spells.
Your spell library contained the following spells:

 Spells                   Type           Power        Failure   Level  Hunger
 Confusing Touch          Hex            #.....       83%         1    ##.....
 Confuse                  Hex            #.......     99%         3    ####...
 Gell's Gravitas          Tloc           #.........   99%         3    ####...
 Petrify                  Tmut/Erth      #.......     100%        4    #####..
 Metabolic Englaciation   Hex/Ice        #.........   100%        5    ######.
 Yara's Violent Unravell  Hex/Tmut       #.........   100%        5    ######.


Dungeon Overview and Level Annotations

Branches:
Dungeon (2/15)

Altars:
Yredelemnul


Innate Abilities, Weirdness & Mutations

You cannot wear most types of armour.
You are very stealthy in the water. (Stealth+)
You are amphibious.
You can wear up to eight rings at the same time.
You can use your tentacles to constrict eight enemies at once.
Your skin changes colour to match your surroundings (Stealth+).
Your rubbery body absorbs attacks. (AC +1, EV +1)


Message History

You are too injured to fight recklessly!
You are too injured to fight recklessly!
You hit the gnoll. Your grab misses the gnoll.
The gnoll is heavily wounded.
The gnoll closely misses you.
You hit the gnoll. Your grab misses the gnoll. Your squeeze misses the gnoll.
The gnoll is severely wounded.
The gnoll barely misses you.
You hit the gnoll. You grab the gnoll.
The gnoll is almost dead.
You constrict the gnoll, but do no damage.
The gnoll hits you with a +0 whip. You block the gnoll's attack.
You hit the gnoll.
You kill the gnoll!
You hit the gnoll. Your grab misses the gnoll. You squeeze the gnoll.
The gnoll is moderately wounded.
The gnoll hits you with a +0 club!
* * * LOW HITPOINT WARNING * * *
The gnoll hits you from afar with a +0 spear.
You die...

#.#.#.## #.#
#...#.## #.#
###.## #.# ####.##
#.# #...... ...
#...... #g#
####...... #g#
#####......... #@#
#........8.... #.#
#.......8.8... #.#
#......8._.8.. #.#
#.......8.8..# #.#
#........8...# #.#
#............#
#.###.......######
#...........#
#####.......#


You could see 2 gnolls.

Vanquished Creatures
  Robin (D:2)
  An adder (D:2)
  2 gnolls (D:2)
  An ooze (D:2)
  2 dart slugs
  4 bats
  3 giant cockroaches (D:2)
  13 goblins
  12 hobgoblins
  3 jackals (D:1)
  A quokka (D:2)
  A ball python (D:2)
  6 frilled lizards
  7 kobolds
  6 rats
63 creatures vanquished.

Notes
Turn   | Place    | Note
-------+----------+-------------------------------------------
     0 | D:1      | Kohma the Octopode Fighter began the quest for the Orb.
     0 | D:1      | Reached XP level 1. HP: 16/16 MP: 1/1
   157 | D:1      | Reached XP level 2. HP: 18/21 MP: 2/2
   926 | D:2      | Reached XP level 3. HP: 23/26 MP: 3/3
  1169 | D:2      | Found a basalt altar of Yredelemnul.
  1235 | D:2      | Reached XP level 4. HP: 31/31 MP: 4/4
  1337 | D:2      | Noticed Robin
  1388 | D:2      | Found a faded altar of an unknown god.
  1415 | D:2      | Killed Robin
  1677 | D:2      | Slain by a gnoll

Levels and vault maps discovered:
D:1:      dpeg_arrival_tiny_d, layout_basic
D:2:      layout_basic, lemuel_doored_altar,
          chequers_ecumenical_altar_simple_redux, uniq_robin

Skill      XL: |  1  2  3 |
---------------+----------+-----
Polearms       | 3 |  3.7
Fighting       | |  3.6
Dodging        | |  3.0
Shields        | |  3.7

Action                   |  1- 3 |  4- 6 || total
-------------------------+-------+-------++-------
Melee: Trident           |    79 |    52 ||   131
       Constrict         |    14 |     6 ||    20
       Tentacles         |     6 |     6 ||    12
 Stab: Sleeping          |     9 |     1 ||    10
  Eat: Chunk             |     1 |     2 ||     3
Armor: Skin              |       |     1 ||     1
Dodge: Dodged            |    15 |     8 ||    23
Block: Shield            |    14 |    14 ||    28

Table legend:
 A = Non-vault XP
 B = Vault XP
 C = Vault XP percentage of total XP
 D = Non-vault monster count
 E = Vault monster count
 F = Vault count percentage of total count
                 A         B        C        D         E       F
            +---------+---------+-------+---------+---------+-------
      Total |     119 |      38 |  24.2 |      50 |      13 |  20.6
            +---------+---------+-------+---------+---------+-------
        D:1 |      27 |       0 |   0.0 |      17 |       0 |   0.0
        D:2 |      92 |      38 |  29.2 |      33 |      13 |  28.3
            +---------+---------+-------+---------+---------+-------
